 Dungeon Crawl Stone Soup version 0.20.1-1-g8b1a95d (webtiles) character file.

11471 Jannitor the Protected (level 11, -3/110 HPs)
             Began as a Deep Dwarf Chaos Knight on Sept 25, 2017.
             Slain by a black mamba (12 damage)
             ... on level 1 of the Lair of Beasts.
             The game lasted 00:22:39 (7449 turns).

Jannitor the Protected (Deep Dwarf Chaos Knight)    Turns: 7449, Time: 00:22:40

Health: -3/110     AC: 12    Str: 22    XL:     11   Next: 49%
Magic:  9/9        EV: 10    Int: 12    God:    Xom [...*..]
Gold:   266        SH:  4    Dex: 12    Spells: 10/10 levels left

rFire    . . .     SeeInvis +   D - +0 halberd (vamp)
rCold    . . .     Gourm    .   (shield currently unavailable)
rNeg     . . .     Faith    .   w - +0 scale mail
rPois    +         Spirit   .   (helmet unavailable)
rElec    .         Reflect  .   (no cloak)
rCorr    .         Harm     .   (no gloves)
MR       +....     Clarity  +   (no boots)
Stlth    +.........             (no amulet)
Regen    0.0/turn               d - ring of stealth
MPRegen  0.2/turn               e - ring of see invisible

@: non-regenerating
A: damage resistance, heal wounds, antennae 3, icy blue scales 2, large bone
plates 1, see invisible, clarity, mutation resistance 1, sense surroundings 3,
poison resistance, shaggy fur 1, strong 1, no regeneration
a: Heal Wounds, Renounce Religion


You were on level 1 of the Lair of Beasts.
You worshipped Xom.
You were a favourite toy of Xom.
You were hungry.

You visited 2 branches of the dungeon, and saw 10 of its levels.

You collected 565 gold pieces.
You spent 299 gold pieces at shops.

Inventory:

Hand Weapons
 a - a +0 hand axe of chaos
 l - a +0 war axe of flaming
 v - a +1 dagger of venom
 y - a +1 hand axe of venom
 D - a +0 vampiric halberd (weapon)
 E - a +0 battleaxe
Armour
 b - a +3 leather armour
 w - a +0 scale mail (worn)
Jewellery
 d - a ring of stealth (left hand)
 e - a ring of see invisible (right hand)
 K - the ring of Cufuv {Fire Int-2 Dex+8}
   (You found it on level 1 of the Lair of Beasts)

   [ring of fire]

   It enhances your fire magic.
   It affects your intelligence (-2).
   It affects your dexterity (+8).
   It protects you from fire.
   It makes you vulnerable to cold.
Wands
 p - a wand of acid (12/15)
 B - a wand of disintegration (0/24)
 G - a wand of paralysis (15/24)
 I - a wand of iceblast (6/15)
Scrolls
 g - a scroll of enchant armour
 j - 3 scrolls of identify
 k - 2 scrolls of fear
 n - 3 scrolls of teleportation
 o - a scroll of amnesia
 q - a scroll of summoning
 r - a scroll of magic mapping
 u - a scroll of fog
 A - a scroll of enchant weapon
 C - a scroll of remove curse
Potions
 m - a potion of agility
 s - a potion of brilliance
 t - 2 potions of degeneration
 x - a potion of berserk rage {unknown}
 F - 2 potions of lignification {unknown}
 H - a potion of curing
 J - a potion of ambrosia {unknown}
Books
 z - a book of Cantrips

   Spells                             Type                      Level
   a - Confusing Touch                Hexes                        1
   b - Animate Skeleton               Necromancy                   1
   c - Summon Small Mammal            Summoning                    1
   d - Apportation                    Translocation                1
Comestibles
 c - 8 bread rations
 f - 6 meat rations
 h - 13 fruits
 i - 11 royal jellies


   Skills:
 + Level 10.3 Fighting
 - Level 10.0(10.7) Axes
 + Level 5.2(7.5) Polearms
 + Level 10.5 Armour
 - Level 1.1 Dodging
 + Level 6.2 Evocations


You had 10 spell levels left.
You didn't know any spells.

Dungeon Overview and Level Annotations

Branches:
Dungeon (9/15)             Temple (0/1) D:6            Lair (1/6) D:8
    Orc (0/2) D:9

Altars:
Dithmenos
Makhleb
Trog
Zin
The Shining One

Shops:
D:6 ?   D:7 [=[


Innate Abilities, Weirdness & Mutations

You are resistant to damage.
You can heal yourself by infusing magical energy.
You passively map a large area around you.
You do not regenerate.
You have a pair of large antennae on your head. (SInv)
You are mostly covered in icy blue scales. (AC +3)
You are partially covered in large bone plates. (SH +4)
You have supernaturally acute eyesight. (SInv)
You possess an exceptional clarity of mind.
You are somewhat resistant to further mutation.
Your system is resistant to poisons. (rPois)
You are covered in fur. (AC +1)
Your muscles are strong. (Str +2)


Message History

Attack whom?
Press: ? - help, Dir - move target cursor, f/p - black mamba
Aim: a black mamba You barely miss the black mamba.
The black mamba bites you.
* * * LOW HITPOINT WARNING * * *
The black mamba bites you but does no damage.
You hit the black mamba.
You feel better.
The black mamba is lightly wounded.
The black mamba bites you.
* * * LOW HITPOINT WARNING * * *
The black mamba bites you!
* * * LOW HITPOINT WARNING * * *
You completely miss the black mamba.
The black mamba is lightly wounded.
The black mamba barely misses you. The black mamba closely misses you.
You closely miss the black mamba.
The black mamba is lightly wounded.
The black mamba closely misses you. The black mamba bites you!
You die...
Xom snickers!

, , , * #.# , , * .#
* #.. #...# ##.. *
##.#.####..## **
#......#....# * # ,
#...........# *.... ,
#...........##..... ,
#..........@.......,,
#...........S...... ,
,,
##...##.#..........#
, ,
#...#.⌠..#.>.......#
, , * #
##.#.....#...###....
* .## ###.⌠.>.⌠###P#*
...#* ,,,
..###..#.....# ###
,... ,,, *
...##.###....# ..,, ,
.......###+.##. *#..
.. , * ,


You could see a black mamba.

Vanquished Creatures
  2 two-headed ogres (D:9)
  A black mamba (Lair:1)
  A centaur skeleton (D:8)
  A komodo dragon (D:8)
  A troll (D:9)
  A hippogriff (D:7)
  Sigmund (D:2)
  A vampire (D:9)
  2 hogs (D:8)
  2 wyverns
  A wraith (D:7)
  13 yaks
  Grum (D:8)
  A human (D:8)
  A hungry ghost (D:8)
  A steam dragon (D:4)
  2 ice beasts
  2 orc warriors (D:9)
  A black bear (D:9)
  4 sky beasts
  3 phantoms
  2 wolves (D:8)
  6 ogres
  3 centaurs
  A crocodile (Lair:1)
  2 big kobolds
  3 bullfrogs
  A gnoll sergeant (D:7)
  A wyvern zombie (D:8)
  A water moccasin zombie (D:7)
  5 scorpions
  6 killer bees (D:8)
  9 crimson imps
  4 bullfrog zombies
  6 hounds
  3 orc priests
  A bullfrog skeleton (D:9)
  A gnoll shaman (D:8)
  4 jellies
  3 orc wizards
  Natasha (thrice) (D:3)
  Terence (D:2)
  2 iguanas
  A worker ant (shapeshifter) (D:7)
  4 worker ants
  A hound zombie (D:7)
  A hound skeleton (D:6)
  A worker ant zombie (D:6)
  12 gnolls
  A howler monkey skeleton (D:7)
  13 adders
  2 shadow imps
  5 oozes (D:2)
  4 adder skeletons
  A worm (D:1)
  2 dart slugs (D:2)
  9 leopard geckos
  21 orcs
  4 giant cockroaches
  4 hobgoblins
  14 jackals
  3 quokkas
  7 bats
  5 frilled lizards
  6 goblins
  30 kobolds
  A quokka zombie (D:7)
  3 rats
  A fungus (Lair:1)
267 creatures vanquished.

Vanquished Creatures (collateral kills)
  A hydra (D:8)
  A slime creature (D:9)
  A hog (D:8)
  A wolf (D:8)
  A phantom (D:9)
  A big kobold (D:8)
  A bullfrog (D:8)
  3 killer bees (D:9)
  A crimson imp (D:9)
  A centaur zombie (D:9)
  A jelly (D:2)
  A worker ant (D:9)
  4 oozes (D:2)
  A leopard gecko (D:9)
  An orc (D:9)
  A kobold (D:8)
  A fungus (D:2)
22 creatures vanquished.

Vanquished Creatures (others)
  A dancing weapon (D:9)
  A fungus (D:2)
  4 plants (D:8)
  6 toadstools (D:2)
12 creatures vanquished.

Grand Total: 301 creatures vanquished

Notes
Turn   | Place    | Note
-------+----------+-------------------------------------------
     0 | D:1      | Jannitor the Deep Dwarf Chaos Knight began the quest for the Orb.
     0 | D:1      | Reached XP level 1. HP: 20/20 MP: 1/1
   260 | D:1      | XOM: smoke on damage
   262 | D:1      | Reached XP level 2. HP: 14/27 MP: 2/2
   661 | D:2      | Noticed Sigmund
   668 | D:2      | XOM: cast spell 'Cause Fear'
   684 | D:2      | Killed Sigmund
   684 | D:2      | Reached skill level 5 in Axes
   684 | D:2      | Reached XP level 3. HP: 23/37 MP: 3/3
   684 | D:2      | Reached XP level 4. HP: 27/45 MP: 4/4
   684 | D:2      | Reached XP level 5. HP: 31/51 MP: 5/5
   945 | D:2      | XOM: god gift: 56 gold pieces
   987 | D:2      | Reached XP level 6. HP: 23/60 MP: 6/6
  1024 | D:2      | XOM: cloud trail
  1056 | D:2      | XOM: summons 6 friendly demons
  1083 | D:2      | XOM: give mutations
  1083 | D:2      | Gained mutation: You can translocate small distances at will. [Xom's grace]
  1083 | D:2      | Gained mutation: You possess an exceptional clarity of mind. [Xom's grace]
  1083 | D:2      | Gained mutation: You have a pair of small antennae on your head. [Xom's grace]
  1083 | D:2      | Gained mutation: You have sharp toenails. [Xom's grace]
  1250 | D:2      | Noticed Terence
  1253 | D:2      | Killed Terence
  1253 | D:2      | Reached skill level 5 in Fighting
  1347 | D:2      | XOM: silly message
  1421 | D:2      | XOM: mild Pois miscast
  1722 | D:3      | Noticed Natasha
  1729 | D:3      | Killed Natasha
  1827 | D:3      | Found a bloodstained altar of Trog.
  1970 | D:3      | Noticed Natasha
  1975 | D:3      | Killed Natasha
  2039 | D:3      | Noticed Natasha
  2048 | D:3      | Killed Natasha
  2162 | D:4      | Reached XP level 7. HP: 37/67 MP: 5/5
  2182 | D:4      | XOM: noise
  2290 | D:4      | Noticed a steam dragon
  2290 | D:4      | a worker ant changed into a steam dragon
  2290 | D:4      | XOM: polymorph worker ant -> steam dragon
  2296 | D:4      | Killed a steam dragon
  2379 | D:4      | XOM: mild Pois miscast
  2421 | D:4      | XOM: mild Chrm miscast
  2444 | D:4      | XOM: 2-stop teleportation journey
  2572 | D:4      | Reached XP level 8. HP: 41/76 MP: 6/6
  2728 | D:5      | Entered Level 5 of the Dungeon
  2752 | D:5      | XOM: cast spell 'Olgreb's Toxic Radiance'
  2914 | D:5      | XOM: noise
  2934 | D:5      | XOM: 1-stop teleportation journey
  2979 | D:5      | Reached skill level 5 in Armour
  2996 | D:5      | XOM: give mutations
  2996 | D:5      | Gained mutation: You are covered in fur. (AC +1) [Xom's grace]
  2996 | D:5      | Gained mutation: You are partially covered in large bone plates. (SH +4) [Xom's grace]
  2996 | D:5      | Gained mutation: You are partially covered in icy blue scales. (AC +2) [Xom's grace]
  3538 | D:6      | XOM: give mutation
  3538 | D:6      | Lost mutation: You can translocate small distances at will. [Xom's mischief]
  3549 | D:6      | XOM: harmless Chrm miscast
  3562 | D:6      | Found a glowing silver altar of Zin.
  3674 | D:6      | XOM: 2-stop teleportation journey
  3743 | D:6      | Found a staircase to the Ecumenical Temple.
  3758 | D:6      | Found Jiunenor's Magic Scroll Emporium.
  3762 | D:6      | XOM: noise
  3788 | D:6      | Gained mutation: You passively map the area around you. [Deep Dwarf growth]
  3788 | D:6      | Reached XP level 9. HP: 65/86 MP: 7/7
  3790 | D:6      | Bought a scroll of summoning for 142 gold pieces
  3790 | D:6      | Bought a scroll of enchant weapon for 112 gold pieces
  3790 | D:6      | Bought a scroll of teleportation for 45 gold pieces
  3905 | D:6      | XOM: give mutations
  3905 | D:6      | Gained mutation: You passively map a large area around you. [Xom's mischief]
  3905 | D:6      | Gained mutation: Your body sometimes deteriorates upon taking damage. [Xom's mischief]
  3905 | D:6      | Lost mutation: Your body sometimes deteriorates upon taking damage. [Xom's mischief]
  3905 | D:6      | Gained mutation: You are dopey. (Int -2) [Xom's mischief]
  3999 | D:6      | XOM: summons 2 hostile demons
  4077 | D:7      | Found Keari's Armour Boutique.
  4269 | D:7      | XOM: polymorph bullfrog -> worker ant
  4271 | D:7      | XOM: cast spell 'Disjunction'
  4307 | D:7      | Gained mutation: You are resistant to hostile enchantments. (MR+) [mutagenic meat]
  4309 | D:7      | Lost mutation: You have sharp toenails. [mutagenic meat]
  4410 | D:7      | Found a glowing golden altar of the Shining One.
  4442 | D:7      | XOM: repel stairs
  4444 | D:7      | XOM: fog
  4453 | D:7      | XOM: silly message
  4478 | D:7      | Found a shadowy altar of Dithmenos.
  4649 | D:7      | Found Saob's Jewellery Shop.
  4716 | D:7      | Found Libofoer's Antique Armour Shoppe.
  4728 | D:7      | XOM: give mutation
  4728 | D:7      | Lost mutation: You are resistant to hostile enchantments. (MR+) [Xom's mischief]
  4799 | D:7      | XOM: enchant monster (bad)
  4884 | D:7      | XOM: blink monster(s)
  5088 | D:8      | XOM: enchant monster (bad)
  5113 | D:7      | XOM: blink monster(s)
  5241 | D:8      | Reached skill level 10 in Axes
  5249 | D:8      | XOM: cast spell 'Necromutation'
  5261 | D:8      | Reached XP level 10. HP: 31/98 MP: 7/7
  5284 | D:8      | Found a staircase to the Lair.
  5285 | D:8      | Noticed Grum
  5290 | D:8      | XOM: blink monster(s)
  5319 | D:8      | Killed Grum
  5319 | D:8      | Reached skill level 1 in Polearms
  5464 | D:8      | XOM: noise
  5468 | D:8      | XOM: summons 6 friendly demons
  5471 | D:8      | XOM: summons 2 friendly demons
  5664 | D:8      | Noticed a four-headed hydra
  5667 | D:8      | XOM: summons friendly shadow imp
  5671 | D:8      | Killed a four-headed hydra
  5873 | D:8      | Found a burning altar of Makhleb.
  5873 | D:8      | Noticed a green death
  5905 | D:8      | XOM: noise
  5928 | D:8      | XOM: give mutations
  5928 | D:8      | Gained mutation: You have a pair of antennae on your head. [Xom's grace]
  5928 | D:8      | Gained mutation: You are robust. (+10% HP) [Xom's grace]
  5928 | D:8      | Gained mutation: Your muscles are strong. (Str +2) [Xom's grace]
  5928 | D:8      | Gained mutation: You have supernaturally acute eyesight. (SInv) [Xom's grace]
  6071 | D:9      | Noticed a two-headed ogre
  6072 | D:9      | XOM: silly message
  6084 | D:9      | XOM: summons friendly crimson imp
  6088 | D:9      | XOM: summons 2 friendly demons
  6091 | D:9      | Killed a two-headed ogre
  6122 | D:9      | XOM: smoke on damage
  6197 | D:9      | Found a staircase to the Orcish Mines.
  6224 | D:9      | Noticed a two-headed ogre
  6248 | D:9      | Killed a two-headed ogre
  6248 | D:9      | Reached XP level 11. HP: 50/118 MP: 9/9
  6249 | D:9      | XOM: god gift: curved fluorescent wand {god gift}
  6357 | D:9      | Reached skill level 10 in Armour
  6371 | D:9      | XOM: give mutation
  6371 | D:9      | Gained mutation: You are mostly covered in icy blue scales. (AC +3) [Xom's grace]
  6419 | D:9      | Reached skill level 5 in Evocations
  6498 | D:9      | Found a glowing golden altar of the Shining One.
  6647 | D:9      | Reached skill level 10 in Fighting
  6723 | D:9      | XOM: confuse monster(s)
  6844 | D:9      | Gained mutation: Your spells are a little harder to cast, but a little more powerful. [mutagenic meat]
  7031 | D:8      | XOM: fog
  7069 | D:8      | XOM: give mutations
  7069 | D:8      | Gained mutation: You have a pair of large antennae on your head. (SInv) [Xom's grace]
  7069 | D:8      | Gained mutation: Your system is resistant to poisons. (rPois) [Xom's grace]
  7069 | D:8      | Gained mutation: You are somewhat resistant to further mutation. [Xom's grace]
  7097 | D:8      | XOM: swap monsters
  7172 | Lair:1   | Entered Level 1 of the Lair of Beasts
  7176 | Lair:1   | XOM: repel stairs
  7178 | Lair:1   | XOM: noise
  7202 | Lair:1   | XOM: give mutations
  7202 | Lair:1   | Lost mutation: Your spells are a little harder to cast, but a little more powerful. [Xom's mischief]
  7202 | Lair:1   | Lost mutation: You are robust. (+10% HP) [Xom's mischief]
  7246 | Lair:1   | XOM: give mutation
  7246 | Lair:1   | Lost mutation: You are dopey. (Int -2) [Xom's mischief]
  7253 | Lair:1   | XOM: destruction
  7254 | Lair:1   | Identified the ring of Cufuv {Fire Int-2 Dex+8} (You found it on level 1 of the Lair of Beasts)
  7260 | Lair:1   | XOM: silly message
  7266 | Lair:1   | XOM: torment (29/109 hp)
  7276 | Lair:1   | XOM: destruction
  7282 | Lair:1   | XOM: noise
  7288 | Lair:1   | Reached skill level 5 in Polearms
  7290 | Lair:1   | XOM: confuse monster(s)
  7304 | Lair:1   | XOM: enchant monster (good)
  7323 | Lair:1   | XOM: cast spell 'Summon Ice Beast'
  7449 | Lair:1   | Slain by a black mamba

Skill      XL: |  1  2  3  4  5  6  7  8  9 10 11 |
---------------+----------------------------------+-----
Fighting       | 4 5 6 7 8 9 10 | 10.3
Axes           | 5 6 7 8 10 | 10.0
Armour         | 3 4 6 8 9 10 | 10.5
Polearms       | 4 5 |  5.2
Evocations     | 4 6 |  6.2
Dodging        | |  1.1

Action                   |  1- 3 |  4- 6 |  7- 9 | 10-12 || total
-------------------------+-------+-------+-------+-------++-------
Melee: Hand axe          |    75 |    84 |   169 |       ||   328
       Dagger            |       |    50 |       |       ||    50
       War axe           |       |    38 |   271 |       ||   309
       Kick              |       |    32 |    81 |       ||   113
       Halberd           |       |       |       |   561 ||   561
 Abil: Heal Wounds       |     3 |     4 |    10 |    11 ||    28
Evoke: Wand              |       |       |       |     6 ||     6
  Use: Scroll            |     1 |     5 |     4 |     1 ||    11
       Potion            |     1 |     2 |     3 |     3 ||     9
 Stab: Sleeping          |       |     5 |       |       ||     5
       Invisible         |       |     2 |     5 |       ||     7
       Paralysed         |       |     1 |       |       ||     1
       Distracted        |       |       |       |     1 ||     1
       Confused          |       |       |       |     2 ||     2
  Eat: Chunk             |       |     4 |    12 |     8 ||    24
       Bread ration      |       |       |     1 |     1 ||     2
Armor: Leather armour    |    20 |    27 |       |       ||    47
       Scale mail        |       |    36 |   211 |   239 ||   486
Dodge: Dodged            |    30 |   123 |   208 |   281 ||   642
Block: Other             |       |       |    53 |    83 ||   136
